 Dungeon Crawl Stone Soup version 0.13-a0-2531-g2ad9301 (webtiles) character file.

2484 Rycklaryybbe the Cruncher (level 9, -1/54 HPs)
             Began as a Gargoyle Gladiator on July 26, 2013.
             Slain by an orc warrior
             ... wielding a +0,+1 orcish great mace
              (18 damage)
             ... on Level 7 of the Dungeon.
             The game lasted 00:20:45 (6086 turns).

Rycklaryybbe the Cruncher (Gargoyle Gladiator)      Turns: 6086, Time: 00:20:45

HP  -1/54        AC 22     Str 22      XL: 9   Next: 29%
MP   8/8         EV  5     Int 10      God:
Gold 363         SH  0     Dex 10      Spells:  0 memorised,  8 levels left

Res.Fire  : . . .   See Invis. : .   a - +1,-1 quarterstaff (curse)
Res.Cold  : . . .   Warding    : .   w - +0 plate armour
Life Prot.: + . .   Conserve   : .   (no shield)
Res.Poison: +       Res.Corr.  : .   L - +0 helmet
Res.Elec. : +       Clarity    : .   (no cloak)
Sust.Abil.: . .     Spirit.Shd : .   E - -2 pair of gauntlets
Res.Mut.  : .       Stasis     : .   (no boots)
Res.Rott. : +       Flight     : .   B - amulet of faith
Saprovore : . . .                    v - cursed ring of hunger
                                     h - cursed ring of poison resistance

@: slightly resistant to hostile enchantments, extremely unstealthy
A: fangs 1, talons 2, life protection 1, electricity resistance, slow metabolism
1, unbreathing, petrification resistance, AC +9, Int +1
a: no special abilities


You were on level 7 of the Dungeon.
You were not hungry.

You visited 1 branch of the dungeon, and saw 7 of its levels.

You collected 343 gold pieces.

Inventory:

Hand weapons
 a - a cursed +1,-1 quarterstaff (weapon)
 H - a cursed -2 blowgun
Missiles
 d - a throwing net
 F - 4 curare-tipped needles
 I - 28 poisoned needles
 N - 2 poisoned darts (quivered)
Armour
 b - a +0 leather armour
 c - a +0 helmet
 q - a +0 elven buckler
 w - a +0 plate armour (worn)
 y - a +3 leather armour of positive energy
 E - a -2 pair of gauntlets (worn)
 L - a +0 helmet (worn)
Magical devices
 o - a wand of digging (24) {unknown}
 D - a wand of magic darts (6)
 S - a wand of magic darts (2)
Comestibles
 f - 3 bread rations
 g - a choko
 l - a sausage
 x - 3 apples
 z - a pear
 A - an orange
 K - 3 meat rations
Scrolls
 m - 2 scrolls of enchant weapon II
 C - a scroll of identify
 G - a scroll of remove curse
Jewellery
 h - a cursed ring of poison resistance (left hand)
 i - a +4 ring of intelligence
 k - an uncursed amulet of resist corrosion
 p - a +2 ring of evasion
 v - a cursed ring of hunger (right hand)
 B - an amulet of faith (around neck)
 O - an uncursed ring of positive energy
Potions
 e - 2 potions of curing
 j - a potion of agility {unknown}
 r - 3 potions of restore abilities {unknown}
 s - a potion of brilliance {unknown}
 t - a potion of poison {unknown}
 u - a potion of might {unknown}
 M - a potion of magic {unknown}
 Q - a potion of decay {unknown}
Books
 J - a book of Hinderance

   Spells                             Type                      Level
   Confusing Touch                    Hexes                        1
   Slow                               Hexes                        2
   Confuse                            Hexes                        3
   Petrify                            Transmutation/Earth          4
   Leda's Liquefaction                Hexes/Earth                  4
   Metabolic Englaciation             Hexes/Ice                    6
Miscellaneous
 n - a plain deck of war {drawn: 3}


   Skills:
 + Level 6.6 Fighting
 + Level 10.2 Staves
 - Level 2.0 Throwing
 - Level 6.0 Armour
 - Level 2.4 Dodging


You had 8 spell levels left.
You didn't know any spells.

Dungeon Overview and Level Annotations

Branches:
Dungeon (7/27)                Orc (0/4) D:7
 Temple: D:4-7

Altars:
Fedhas
Nemelex Xobeh
Sif Muna

Shops:
D:4: } D:5: =


Innate Abilities, Weirdness & Mutations

You are resistant to torment.
You are immune to poison.
Your stone body is very resilient (AC +9).
You have very sharp teeth.
You have razor-sharp toenails.
You resist negative energy.
You are resistant to electric shocks.
You have a slow metabolism.
You can survive without breathing.
You are immune to petrification.
Your mind is acute (Int +1).


Message History

You closely miss the orc. Your bite misses the orc.
The orc is moderately wounded.
The orc hits you but does no damage.
You hit the orc. Your kick misses the orc.
The orc is heavily wounded.
The orc warrior hits you with an orcish great mace.
The orc hits you but does no damage. The orc barely misses you.
You hit the orc.
The orc is almost dead.
The orc hits you.
The orc warrior hits you with an orcish great mace!
You hit the orc.
You kill the orc!
You hit the orc warrior but do no damage.
Your kick misses the orc warrior.
The orc warrior hits you with an orcish great mace!
The orc hits you. The orc hits you but does no damage.
The orc warrior hits you with an orcish great mace!
You die...

#####
#@oz#
#oo.#
#zz##
....
.....
.......
........
........
..#


8 You could see an orc warrior, 2 orcs, a hobgoblin zombie, an orc zombie and a
goblin skeleton.

Vanquished Creatures
  A hill giant zombie (D:7)
  A necrophage (D:5)
  An ice beast (D:7)
  An ogre (D:4)
  An orc warrior (D:6)
  Sigmund (D:6)
  Duvessa (D:6)
  A centaur (D:7)
  6 giant frogs
  A manticore zombie (D:7)
  Dowan (D:6)
  2 crimson imps
  2 giant frog zombies
  2 hounds
  An orc priest (D:5)
  A black bear skeleton (D:6)
  An iguana (D:7)
  3 orc wizards
  A scorpion (D:4)
  8 worker ants
  Ijyb (D:2)
  Jessica (D:2)
  3 jellies
  A mummy (D:6)
  8 adders
  3 worms
  An iguana zombie (D:6)
  An adder zombie (D:4)
  A giant eyeball (D:7)
  18 orcs
  A bat skeleton (D:5)
  8 giant cockroaches
  17 goblins
  17 hobgoblins
  12 jackals
  A quokka (D:2)
  10 bats
  2 giant geckos
  A giant gecko skeleton (D:5)
  5 giant newts
  A hobgoblin skeleton (D:5)
  2 hobgoblin zombies (D:7)
  17 kobolds
  An orc skeleton (D:7)
  An orc zombie (D:7)
  11 rats
  A rat skeleton (D:4)
183 creatures vanquished.

Notes
Turn   | Place    | Note
--------------------------------------------------------------
     0 | D:1      | Rycklaryybbe, the Gargoyle Gladiator, began the quest for the Orb.
     0 | D:1      | Reached XP level 1. HP: 13/13 MP: 0/0
   103 | D:1      | Reached XP level 2. HP: 12/18 MP: 1/1
   156 | D:1      | Reached skill level 4 in Staves
   433 | D:1      | Reached XP level 3. HP: 18/22 MP: 2/2
   825 | D:1      | Gained mutation: Your mind is acute (Int +1). [potion of beneficial mutation]
   882 | D:2      | Reached skill level 5 in Staves
   930 | D:2      | Noticed Jessica
  1005 | D:2      | Killed Jessica
  1005 | D:2      | Reached XP level 4. HP: 20/28 MP: 3/3
  1176 | D:2      | Noticed Ijyb
  1206 | D:2      | Killed Ijyb
  1550 | D:2      | Reached skill level 6 in Staves
  1550 | D:2      | Reached XP level 5. HP: 17/32 MP: 4/4
  2402 | D:3      | Reached skill level 7 in Staves
  2626 | D:4      | Reached XP level 6. HP: 36/36 MP: 5/5
  2752 | D:4      | Noticed an ogre
  2766 | D:4      | Killed an ogre
  2789 | D:4      | Reached skill level 8 in Staves
  2851 | D:4      | Found Geetyd's Gadget Boutique.
  2959 | D:4      | Reached XP level 7. HP: 31/40 MP: 6/6
  3260 | D:5      | Entered Level 5 of the Dungeon
  3599 | D:5      | Found a blossoming altar of Fedhas.
  3618 | D:5      | Reached skill level 9 in Staves
  3645 | D:5      | Found Scheopp's Jewellery Shoppe.
  3966 | D:5      | Found a deep blue altar of Sif Muna.
  4283 | D:6      | Reached skill level 10 in Staves
  4283 | D:6      | Reached XP level 8. HP: 41/46 MP: 7/7
  4332 | D:6      | Reached skill level 1 in Armour
  4341 | D:6      | Noticed Sigmund
  4372 | D:6      | Killed Sigmund
  4573 | D:6      | Noticed Duvessa
  4574 | D:6      | Noticed Dowan
  4593 | D:6      | Killed Duvessa
  4596 | D:6      | Killed Dowan
  5007 | D:7      | Reached skill level 5 in Fighting
  5265 | D:7      | Reached skill level 5 in Armour
  5265 | D:7      | Reached XP level 9. HP: 50/53 MP: 8/8
  5441 | D:7      | Found a staircase to the Orcish Mines.
  5490 | D:6      | Found a sparkling altar of Nemelex Xobeh.
  6086 | D:7      | Slain by an orc warrior

Action                   |  1- 3 |  4- 6 |  7- 9 || total
-------------------------+-------+-------+-------++-------
Melee: Quarterstaff      |   105 |   190 |   336 ||   631
       Unarmed           |       |       |     7 ||     7
Throw: Throwing net      |       |     1 |     2 ||     3
       Dart              |       |       |     3 ||     3
Evoke: Deck              |       |       |     3 ||     3
  Use: Scroll            |     4 |     3 |    10 ||    17
       Potion            |     3 |       |     1 ||     4
